 Dungeon Crawl Stone Soup version 0.21.1-1-g345015f (webtiles) character file.

108 Jonny2123 the Sneak (level 4, -3/29 HPs)
             Began as an Octopode Assassin on Mar 6, 2018.
             Killed from afar by an orc wizard (8 damage)
             ... with a magic dart
             ... on level 3 of the Dungeon.
             The game lasted 00:27:09 (1816 turns).

Jonny2123 the Sneak (Octopode Assassin)             Turns: 1816, Time: 00:27:10

Health: -3/29      AC:  1    Str: 10    XL:     4   Next: 87%
Magic:  4/4        EV: 13    Int: 13    God:
Gold:   85         SH:  0    Dex: 14    Spells: 3/3 levels left

rFire    . . .     SeeInvis .   b - +0 blowgun
rCold    . . .     Gourm    +   (no shield)
rNeg     . . .     Faith    .   (helmet restricted)
rPois    .         Spirit   .   k - amulet of the gourmand
rElec    .         Reflect  .   (no ring)
rCorr    .         Harm     .   (no ring)
MR       .....                  (no ring)
Stlth    +++++.....             (no ring)
HPRegen  0.09/turn              (no ring)
MPRegen  0.09/turn              (no ring)
                                (no ring)
                                (no ring)

@: no status effects
A: almost no armour, stealthy swim, amphibious, 8 rings, constrict 8, camouflage
1, gelatinous body 1
a: no special abilities


You were on level 3 of the Dungeon.
You were not hungry.

You visited 1 branch of the dungeon, and saw 3 of its levels.

You collected 85 gold pieces.

Inventory:

Hand Weapons
 a - a +2 dagger
 b - a +0 blowgun (weapon)
 i - a +0 hand axe
Missiles
 c - a poisoned needle (quivered)
 d - 4 curare-tipped needles
 g - 4 needles of sleeping
Jewellery
 k - an amulet of the gourmand (around mantle)
Scrolls
 e - 4 scrolls of identify
 j - a scroll of remove curse
 l - a scroll of teleportation {unknown}
 m - a scroll of noise {unknown}
Potions
 h - a potion of magic
Comestibles
 f - 3 rations


   Skills:
 + Level 2.2 Fighting
 + Level 3.1 Short Blades
 + Level 2.1 Throwing
 + Level 1.1 Dodging
 + Level 7.3 Stealth


You had 3 spell levels left.
You didn't know any spells.

Dungeon Overview and Level Annotations

Branches:
Dungeon (3/15)

Altars:
Elyvilon
Sif Muna


Innate Abilities, Weirdness & Mutations

You cannot wear most types of armour.
You are very stealthy in the water. (Stealth+)
You are amphibious.
You can wear up to eight rings at the same time.
You can use your tentacles to constrict eight enemies at once.
Your skin changes colour to match your surroundings (Stealth+).
Your rubbery body absorbs attacks. (AC +1, EV +1)


Message History

Aim: an orc wizard, wielding a dagger and wearing a robe (poisoned)
You shoot a poisoned needle.
The poisoned needle barely misses the orc wizard.
The orc wizard casts a spell at you. The magic dart hits you!
* * * LOW HITPOINT WARNING * * *
Firing (i - inventory. (,) - cycle):
c - 3 poisoned needles (quivered)
Press: ? - help, Shift-Dir - straight line, f/p - orc wizard
Aim: an orc wizard, wielding a dagger and wearing a robe (poisoned)
You shoot a poisoned needle.
The poisoned needle hits the orc wizard.
The orc wizard looks even sicker.
Firing (i - inventory. (,) - cycle):
c - 2 poisoned needles (quivered)
Press: ? - help, Shift-Dir - straight line, f/p - orc wizard
Aim: an orc wizard, wielding a dagger and wearing a robe (poisoned)
You shoot a poisoned needle.
The poisoned needle barely misses the orc wizard.
The orc wizard points at you and mumbles some strange words.
The magic dart hits you!
You die...

###### ##....#
#..##.##
#.##.@.##
#.#ยง._..#
#.#.8.8.#
#.###(###
#.##...#
##.##..o#
#..##โ‰ˆโ‰ˆโ‰ˆ#
#..##({(#
###########
#..#######
#.........#


You could see an orc wizard.

Vanquished Creatures
  Terence (D:2)
  3 gnolls (D:2)
  An adder (D:3)
  A worm (D:2)
  A leopard gecko (D:1)
  A giant cockroach (D:1)
  2 goblins (D:1)
  6 hobgoblins
  5 jackals (D:3)
  A ball python (D:1)
  6 bats
  5 frilled lizards
  4 kobolds
  9 rats
46 creatures vanquished.

Notes
Turn   | Place    | Note
-------+----------+-------------------------------------------
     0 | D:1      | Jonny2123 the Octopode Assassin began the quest for the Orb.
     0 | D:1      | Reached XP level 1. HP: 14/14 MP: 1/1
   194 | D:1      | Reached XP level 2. HP: 19/19 MP: 2/2
   394 | D:1      | Reached skill level 6 in Stealth
   794 | D:2      | Found a white marble altar of Elyvilon.
   946 | D:2      | Noticed Terence
  1048 | D:2      | Reached XP level 3. HP: 24/24 MP: 3/3
  1540 | D:2      | Killed Terence
  1540 | D:2      | Reached skill level 7 in Stealth
  1540 | D:2      | Reached XP level 4. HP: 22/29 MP: 4/4
  1779 | D:3      | Found a deep blue altar of Sif Muna.
  1816 | D:3      | Killed from afar by an orc wizard

Skill      XL: |  1  2  3  4 |
---------------+-------------+-----
Stealth        | 6 7 |  7.3
Short Blades   | 3 |  3.1
Fighting       | |  2.2
Throwing       | |  2.1
Dodging        | |  1.1

Action                   |  1- 3 |  4- 6 || total
-------------------------+-------+-------++-------
Melee: Dagger            |    56 |    30 ||    86
       Constrict         |    11 |     8 ||    19
       Tentacles         |    14 |     5 ||    19
 Fire: Blowgun           |     3 |     7 ||    10
  Use: Scroll            |     4 |       ||     4
 Stab: Sleeping          |    12 |     4 ||    16
  Eat: Ration            |     1 |       ||     1
       Chunk             |     1 |       ||     1
Armor: Skin              |     2 |     7 ||     9
Dodge: Dodged            |    43 |    17 ||    60
